 Dungeon Crawl Stone Soup version 0.28-a0-969-g2dcde036d2 (webtiles) character file.

Game seed: 6190628334846517754

91 BinkBink the Skirmisher (level 4, -9/41 HPs)
             Began as a Minotaur Monk on Dec 1, 2021.
             Was a Follower of Uskayaw.
             Mangled by Sigmund (10 damage)
             ... on level 3 of the Dungeon.
             The game lasted 00:02:06 (2265 turns).

BinkBink the Skirmisher (Minotaur Monk)             Turns: 2265, Time: 00:02:07

Health: -9/41      AC:  2    Str: 16    XL:     4   Next: 34%
Magic:  3/3        EV: 13    Int:  7    God:    Uskayaw [*.....]
Gold:   77         SH:  0    Dex: 14    Spells: 3/3 levels left

rFire   . . .      SeeInvis .   e - +4 dagger
rCold   . . .      Faith    .   (no shield)
rNeg    . . .      Spirit   .   b - +0 robe
rPois   .          Reflect  .   (helmet restricted)
rElec   .          Harm     .   (no cloak)
rCorr   .          Rampage  .   (no gloves)
Will    .....                   (no boots)
Stlth   ++........              (no amulet)
HPRegen 0.13/turn               (no ring)
MPRegen 0.08/turn               (no ring)

@: no status effects
A: horns 2, retaliatory headbutt
a: Renounce Religion, Stomp


You were on level 3 of the Dungeon.
You worshipped Uskayaw.
Uskayaw was noncommittal.
You visited 1 branch of the dungeon, and saw 3 of its levels.

You collected 77 gold pieces.

Inventory:

Hand Weapons
 a - a +0 short sword
 e - a +4 dagger (weapon)
Armour
 b - a +0 robe (worn)
Scrolls
 c - a scroll of torment {unknown}
 d - a scroll of teleportation {unknown}
 g - a scroll of vulnerability {unknown}
Potions
 f - 2 potions of curing {unknown}
 h - a potion of mutation {unknown}
 i - a potion of brilliance {unknown}


   Skills:
 + Level 4.6 Fighting
 + Level 4.3 Short Blades
 + Level 4.1 Dodging
 - Level 1.5 Stealth


You had 3 spell levels left.
You didn't know any spells.
Your spell library contained the following spells:

 Spells                   Type           Power      Damage    Failure   Level
 Stone Arrow              Conj/Erth      0%         3d7       80%         3
 Animate Armour           Summ/Erth      0%         N/A       99%         4
 Lehudib's Crystal Spear  Conj/Erth      0%         10d2      100%        8


Dungeon Overview and Level Annotations

Branches:
Dungeon (3/15)

Altars:
Ashenzari
Uskayaw

Annotations:
D:3 Sigmund


Innate Abilities, Weirdness & Mutations

You have a pair of horns on your head.
You reflexively headbutt those who attack you in melee.


Message History

Sigmund is lightly wounded.
Sigmund barely misses you.
You bump into the rock wall.
You bump into the rock wall.
You feel less confused. Sigmund casts a spell at you.
The puff of flame hits you.
* * * LOW HITPOINT WARNING * * *
You hit Sigmund but do no damage.
Sigmund is lightly wounded.
Sigmund screams, "I am the angel of ZOT!!!"
Sigmund casts a spell at you. The puff of flame misses you.
You hit Sigmund but do no damage.
Sigmund is lightly wounded.
Sigmund hits you with a +1 scythe of protection.
* * * LOW HITPOINT WARNING * * *
You hit Sigmund but do no damage.
Sigmund is lightly wounded.
You hit Sigmund but do no damage. Your headbutt misses Sigmund.
Sigmund is lightly wounded.
Sigmund completely misses you.
You hit Sigmund. Your headbutt misses Sigmund.
Sigmund is moderately wounded.
You hit Sigmund but do no damage. You headbutt Sigmund, but do no damage.
Sigmund is moderately wounded.
Sigmund gestures at you while chanting.
You are confused.
Sigmund barely misses you.
You bump into the rock wall.
Sigmund barely misses you.
You bump into the rock wall.
Sigmund hits you with a +1 scythe of protection.
* * * LOW HITPOINT WARNING * * *
You miss Sigmund. Your headbutt misses Sigmund.
Sigmund is moderately wounded.
You hit Sigmund. You headbutt Sigmund.
Sigmund is heavily wounded.
You feel less confused.
Sigmund hits you with a +1 scythe of protection!
You die...

####.##.##
##.......##
#.####
##.....##
#.# ##...##
#.# ##'##
#.# #.# #.#
#.# #..
##.## #.#
##.@.##
#.@...#
##...##
##.#....
#.#.###
.....
#.#.##
#.#.. #.#
##


You could see Sigmund.

Vanquished Creatures
  3 gnolls (D:2)
  2 adders (D:2)
  2 ball pythons
  4 endoplasms
  4 giant cockroaches
  5 goblins
  4 hobgoblins
  3 quokkas
  A bat (D:1)
  4 frilled lizards
  7 kobolds
  2 rats
41 creatures vanquished.

Notes
Turn   | Place    | Note
-------+----------+-------------------------------------------
     0 | D:1      | BinkBink the Minotaur Monk began the quest for the Orb.
     0 | D:1      | Reached XP level 1. HP: 19/19 MP: 0/0
   334 | D:1      | Found a faded altar of an unknown god.
   371 | D:1      | Prayed at the altar of an unknown god.
   371 | D:1      | Became a worshipper of Uskayaw the Reveller
   371 | D:1      | Reached * piety under Uskayaw
   371 | D:1      | Reached ** piety under Uskayaw
   476 | D:1      | Reached XP level 2. HP: 20/27 MP: 1/1
  1239 | D:2      | Reached XP level 3. HP: 33/33 MP: 2/2
  1480 | D:2      | Found a broken altar of Ashenzari.
  1568 | D:2      | Reached *** piety under Uskayaw
  1570 | D:2      | Reached XP level 4. HP: 32/41 MP: 3/3
  1571 | D:2      | Reached **** piety under Uskayaw
  2237 | D:3      | Noticed Sigmund
  2263 | D:3      | HP: 1/41 [Sigmund (6)]
  2265 | D:3      | Mangled by Sigmund

Illustrated notes

Levels and vault maps discovered:
D:1:      lemuel_arrival_tunnels, layout_basic, serial_forest,
          infiniplex_forest_end_1, infiniplex_forest_end_3,
          infiniplex_forest_clump_cross, infiniplex_forest_end_1,
          infiniplex_forest_lined_ring, infiniplex_forest_straight_1,
          hellmonk_ecumenical_altar_pennies_from_heaven
D:2:      layout_loops_ring, basic_altar
D:3:      layout_loops_corners, yredelemnul_forgotten_temple_becter,
          gup_sewer_entry_bowl, uniq_sigmund, uniq_terence

Skill      XL: |  1  2  3 |
---------------+----------+-----
Fighting       | 4 |  4.6
Short Blades   | 4 |  4.3
Dodging        | 4 |  4.1
Stealth        | |  1.5

Action                   |  1- 3 |  4- 6 || total
-------------------------+-------+-------++-------
Melee: Short sword       |    55 |       ||    55
       Headbutt          |     5 |     4 ||     9
       Dagger            |    16 |    23 ||    39
 Stab: Sleeping          |     4 |     1 ||     5
       Paralysed         |     1 |       ||     1
Armor: Robe              |    11 |       ||    11
Dodge: Dodged            |    38 |    13 ||    51

Table legend: (Time is in decaauts)
 A = Elapsed time spent in this place.
 B = Non-inter-level travel time spent in this place.
 C = Inter-level travel time spent in this place.
 D = Time resting spent in this place.
 E = Time spent auto-exploring this place.
 F = Levels seen in this place.
 G = Mean time per level.
                   A        B        C        D        E       F      G
               +--------+--------+--------+--------+--------+-----+--------+
         Total |   2254 |   2193 |     61 |      0 |   1914 |   3 |  751.3 |
       Dungeon |   2254 |   2193 |     61 |      0 |   1914 |   3 |  751.3 |
               +--------+--------+--------+--------+--------+-----+--------+

Top non-repeatable levels by time:
     D:1: 1221 daAuts
     D:2: 914 daAuts
     D:3: 118 daAuts
